 Dungeon Crawl Stone Soup version 0.31-a0-1098-g6898e65 (webtiles) character file.

Game seed: 7028826908575509643

574 PidgeyThePirate the Covert (level 7, -1/41 HPs)
             Began as a Kobold Brigand on Nov 30, 2023.
             Slain by a kobold brigand
             ... wielding a +0 club
              (6 damage)
             ... on level 5 of the Dungeon.
             The game lasted 00:07:30 (4069 turns).

PidgeyThePirate the Covert (Kobold Brigand)         Turns: 4069, Time: 00:07:31

Health: -1/41      AC:  4    Str: 11    XL:     7   Next: 61%
Magic:  16/16      EV: 15    Int: 12    God:
Gold:   198        SH:  0    Dex: 16    Spells: 6/6 levels left

rFire   . . .        k - +2 short sword (speed)
rCold   . . .        (no shield)
rNeg    . . .        b - +0 robe
rPois   .            u - +0 helmet
rElec   .            c - +0 cloak
rCorr   .            (no gloves)
SInv    .            (no boots)
Will    .....        (no amulet)
Stlth   +++++        q - ring of magical power
HPRegen 0.26/turn    (no ring)
MPRegen 0.15/turn

%: no passive effects
@: lethally poisoned (-1 -> -5)
A: small, no large weapons, nightstalker 3
a: no special abilities


You were on level 5 of the Dungeon.
You visited 1 branch of the dungeon, and saw 5 of its levels.

You collected 198 gold pieces.

Inventory:

Hand Weapons
 a - a +2 dagger
 k - a +2 short sword of speed (weapon)
Missiles
 d - 9 poisoned darts
Armour
 b - a +0 robe (worn)
 c - a +0 cloak (worn)
 u - a +0 helmet (worn)
Jewellery
 q - a ring of magical power (left hand)
 t - a ring of fire
Talismans
 r - a granite talisman
Scrolls
 f - 2 scrolls of revelation {unknown}
 h - a scroll of amnesia {unknown}
 i - 3 scrolls of teleportation
 j - 2 scrolls of blinking {unknown}
 l - a scroll of fog {unknown}
 m - 3 scrolls of noise {unknown}
 n - a scroll of vulnerability {unknown}
 p - a scroll of acquirement {unknown}
 s - a scroll of torment {unknown}
 v - 2 scrolls of summoning {unknown}
 y - a scroll of fear {unknown}
Potions
 g - 4 potions of heal wounds {unknown}
 w - a potion of invisibility
 x - a potion of attraction
 z - 3 potions of lignification {unknown}
 A - 2 potions of degeneration {unknown}
 B - a potion of brilliance
 C - a potion of berserk rage


   Skills:
 + Level 3.1 Fighting
 + Level 5.9 Short Blades
 + Level 2.1 Throwing
 + Level 2.9 Dodging
 + Level 9.6 Stealth


You had 6 spell levels left.
You didn't know any spells.
Your spell library contained the following spells:

 Spells                   Type           Power      Damage    Failure   Level
 Magic Dart               Conj           0%         1d3       32%         1
 Sting                    Tmut/Pois      0%         1d3       32%         1
 Call Imp                 Summ           0%         N/A       45%         2
 Poisonous Vapours        Pois/Air       0%         N/A       45%         2
 Mephitic Cloud           Conj/Pois/Air  0%         N/A       69%         3
 Brom's Barrelling Bould  Conj/Erth      0%         2d3       97%         4
 Olgreb's Toxic Radiance  Pois           0%         N/A       97%         4
 Fireball                 Conj/Fire      0%         3d3       100%        5
 Iskenderun's Battlesphe  Conj           0%         2d6       100%        5
 Conjure Ball Lightning   Conj/Air       0%         3x3d6     100%        6
 Orb of Destruction       Conj           0%         9d5       100%        7


Dungeon Overview and Level Annotations

Branches:
Dungeon (5/15)
 Temple: D:4-7

Altars:
Ru
Trog
Xom

Shops:
D:1 (   D:2 :


Innate Abilities, Weirdness & Mutations

You are small and have problems with some larger weapons.
You are completely attuned to the shadows.


Message History

Throw: 3 darts (curare)
Press: ? - help, Q - select action, (/) - cycle Shift-Dir - straight line, f - kobold brigand
Aim: a kobold brigand, wielding a +0 club and quivering poisoned darts (lightly wounded, 51% to hit)
You throw a curare-tipped dart.
The curare-tipped dart completely misses the kobold brigand.
You feel very sick.
Throw: 2 darts (curare)
Press: ? - help, Q - select action, (/) - cycle Shift-Dir - straight line, p - kobold brigand
Okay, then.
You closely miss the kobold.
The kobold is moderately wounded.
* * * LOW HITPOINT WARNING * * *
You feel sick.
You completely miss the kobold.
The kobold is moderately wounded.
* * * LOW HITPOINT WARNING * * *
You feel sick.
You closely miss the kobold brigand.
The kobold brigand is lightly wounded.
* * * LOW HITPOINT WARNING * * *
You feel sick.
Throw: 2 darts (curare)
Press: ? - help, Q - select action, (/) - cycle Shift-Dir - straight line, f/p - kobold brigand
Aim: a kobold brigand, wielding a +0 club and quivering poisoned darts (lightly wounded, 51% to hit)
You throw a curare-tipped dart.
The curare-tipped dart barely misses the kobold brigand.
The curare-tipped dart hits the kobold.
The kobold is poisoned.
The kobold convulses.
You kill the kobold!
* * * LOW HITPOINT WARNING * * *
You feel sick.
Throw: dart (curare)
Press: ? - help, Q - select action, (/) - cycle Shift-Dir - straight line, f/p - kobold brigand
Aim: a kobold brigand, wielding a +0 club and quivering poisoned darts (lightly wounded, 51% to hit)
You throw a curare-tipped dart.
The curare-tipped dart closely misses the kobold brigand.
* * * LOW HITPOINT WARNING * * *
You feel sick.
The kobold brigand hits you with a +0 club.
You die...

######### #
#######.......# #####..
#.............#####......
#..................)..%..
#..............@K()(.....
#........#####...........
#...........##.........##
+.................<.....
#...........###........
..##..........
#.......... #..........
...........


You could see a kobold brigand.

Vanquished Creatures
  An ogre (D:4)
  2 scorpions (D:5)
  4 hounds (D:4)
  2 jellies (D:4)
  An orc wizard (D:3)
  7 adders
  4 dart slugs
  7 orcs
  6 ball pythons
  4 endoplasms
  7 giant cockroaches
  12 goblins
  5 hobgoblins
  2 jackals (D:3)
  6 quokkas
  4 bats
  2 frilled lizards
  17 kobolds
  7 rats
  2 butterflies (D:3)
102 creatures vanquished.

Notes
Turn   | Place    | Note
-------+----------+-------------------------------------------
     0 | D:1      | PidgeyThePirate the Kobold Brigand began the quest for the
                  | Orb.
     0 | D:1      | Reached XP level 1. HP: 12/12 MP: 1/1
   129 | D:1      | Reached XP level 2. HP: 17/17 MP: 2/2
   133 | D:1      | Reached skill level 6 in Stealth
   399 | D:1      | Reached XP level 3. HP: 21/21 MP: 3/3
   802 | D:1      | Found Nikhisch's Antique Weapon Boutique.
  1006 | D:2      | Reached XP level 4. HP: 26/26 MP: 4/4
  1195 | D:2      | Reached skill level 7 in Stealth
  1284 | D:2      | Found Betevihi's Book Shop.
  2123 | D:3      | Reached XP level 5. HP: 15/31 MP: 5/5
  2335 | D:3      | Found a shimmering altar of Xom.
  2626 | D:3      | Found a sacrificial altar of Ru.
  2672 | D:3      | Found a bloodstained altar of Trog.
  3128 | D:4      | Reached skill level 8 in Stealth
  3146 | D:4      | Noticed an ogre
  3151 | D:4      | Killed an ogre
  3152 | D:4      | Reached XP level 6. HP: 20/36 MP: 6/6
  3344 | D:4      | Reached skill level 5 in Short Blades
  3382 | D:4      | Reached skill level 9 in Stealth
  3382 | D:4      | Reached XP level 7. HP: 14/40 MP: 7/7
  3800 | D:5      | Entered Level 5 of the Dungeon
  4069 | D:5      | Slain by a kobold brigand

Illustrated notes

Levels and vault maps discovered:
D:1:      dpeg_arrival_boxorama, layout_loops_ring, serial_shops,
          nicolae_square_shop
D:2:      layout_loops_ring, serial_shops, nicolae_square_shop,
          hangedman_decor_clover_reticule, kennysheep_generic_room_12
D:3:      layout_basic, nicolae_ru_the_path_less_chosen,
          mainiacjoe_overflow_cross_hatched, xom_butterflies
D:4:      layout_cave_pools, hangedman_abyss_or_decor_jellyfish_corner
D:5:      layout_basic, minmay_misc_feat_doors

Skill      XL: |  1  2  3  4  5  6  7 |
---------------+----------------------+-----
Stealth        | 6 7 8 9 |  9.6
Short Blades   | 3 4 5 |  5.9
Dodging        | 2 |  2.9
Fighting       | 3 |  3.1
Throwing       | |  2.1

Action                     |  1- 3 |  4- 6 |  7- 9 || total
---------------------------+-------+-------+-------++-------
  Melee: Dagger            |    56 |       |       ||    56
         Short sword       |    29 |   144 |    62 ||   235
         Punch             |       |     2 |     1 ||     3
  Throw: Dart              |       |       |     3 ||     3
    Use: Scroll            |       |       |     5 ||     5
   Stab: Sleeping          |    17 |    26 |     4 ||    47
 Armour: Robe              |    35 |    35 |    23 ||    93
  Dodge: Dodged            |    23 |    74 |    27 ||   124

Table legend: (Time is in decaauts)
 A = Elapsed time spent in this place.
 B = Non-inter-level travel time spent in this place.
 C = Inter-level travel time spent in this place.
 D = Time resting spent in this place.
 E = Time spent auto-exploring this place.
 F = Levels seen in this place.
 G = Mean time per level.
                   A        B        C        D        E       F      G
               +--------+--------+--------+--------+--------+-----+--------+
         Total |   3946 |   3794 |    152 |      0 |   3081 |   5 |  789.2 |
       Dungeon |   3946 |   3794 |    152 |      0 |   3081 |   5 |  789.2 |
               +--------+--------+--------+--------+--------+-----+--------+

Top non-repeatable levels by time:
     D:3: 1116 daAuts
     D:1: 949 daAuts
     D:2: 937 daAuts
     D:4: 701 daAuts
     D:5: 242 daAuts
